 Dungeon Crawl Stone Soup version 0.28-a0-128-gcbb86046cc (webtiles) character file.

Game seed: 17716519957796732839

105 daftaero the Gusty (level 4, -3/35 HPs)
             Began as a Draconian Air Elementalist on Aug 15, 2021.
             Succumbed to a water moccasin's poison
             ... on level 3 of the Dungeon.
             The game lasted 00:11:34 (3955 turns).

daftaero the Gusty (Draconian Air Elementalist)     Turns: 3955, Time: 00:11:35

Health: -3/35      AC:  5    Str: 11    XL:     4   Next: 53%
Magic:  5/7        EV: 12    Int: 16    God:
Gold:   45         SH:  0    Dex: 11    Spells: 3/8 levels left

rFire   . . .      SeeInvis .   g - +0 whip
rCold   . . .      Faith    .   (no shield)
rNeg    . . .      Spirit   .   (armour unavailable)
rPois   .          Reflect  .   (helmet restricted)
rElec   .          Harm     .   (no cloak)
rCorr   .          Rampage  .   (no gloves)
Will    .....                   (no boots)
Stlth   ++........              (no amulet)
HPRegen 0.11/turn               (no ring)
MPRegen 0.10/turn               (no ring)

@: lethally poisoned (-3 -> -26)
A: AC +5, unfitting armour, cold-blooded
a: no special abilities


You were on level 3 of the Dungeon.
You visited 1 branch of the dungeon, and saw 3 of its levels.

You collected 45 gold pieces.

Inventory:

Hand Weapons
 g - a +0 whip (weapon)
Jewellery
 d - an amulet of faith
 i - a ring of magical power
Wands
 l - a wand of paralysis (11)
Scrolls
 e - 2 scrolls of enchant armour {unknown}
 f - 7 scrolls of identify {unknown}
 h - 5 scrolls of teleportation {unknown}
 j - a scroll of noise {unknown}
Potions
 a - a potion of curing {unknown}
 b - a potion of haste {unknown}
 c - a potion of ambrosia {unknown}
 k - a potion of might {unknown}


   Skills:
 + Level 1.6 Fighting
 - Level 0.3 Maces & Flails
 - Level 2.3 Dodging
 - Level 1.9 Stealth
 + Level 2.6 Spellcasting
 + Level 1.3 Conjurations
 - Level 4.0 Air Magic


You had 3 spell levels left.
You knew the following spells:

 Your Spells              Type           Power      Damage    Failure   Level
a - Shock                 Conj/Air       40%        1d5       7%          1
b - Static Discharge      Conj/Air       10%        N/A       10%         2
c - Poisonous Vapours     Pois/Air       16%        N/A       13%         2

Your spell library contained the following spells:

 Spells                   Type           Power      Damage    Failure   Level
 Swiftness                Air            14%        N/A       11%         3
 Corpse Rot               Necr/Air       N/A        N/A       13%         2
 Blink                    Tloc           N/A        N/A       30%         2
 Slow                     Hex            2%         N/A       30%         2
 Confusing Touch          Hex            2%         N/A       52%         3
 Airstrike                Air            7%         N/A       36%         4
 Freezing Cloud           Conj/Ice/Air   3%         6-21      95%         5
 Manifold Assault         Tloc           2%         N/A       99%         5
 Yara's Violent Unravell  Hex/Tmut       1%         3d3       99%         5
 Storm Form               Tmut/Air       4%         N/A       100%        7


Dungeon Overview and Level Annotations

Branches:
Dungeon (3/15)

Altars:
Kikubaaqudgha

Shops:
D:1 ?   D:2 [


Innate Abilities, Weirdness & Mutations

Your plain brown scales are hard. (AC +5)
You cannot fit into any form of body armour.
You are cold-blooded and may be slowed by cold attacks.


Message History

You closely miss the water moccasin.
The water moccasin is lightly wounded.
The water moccasin closely misses you. The water moccasin bites you.
You are poisoned.
The water moccasin poisons you!
You hit the water moccasin but do no damage.
The water moccasin is lightly wounded.
You feel very sick.
The water moccasin bites you but does no damage.
You barely miss the water moccasin.
The water moccasin is lightly wounded.
You feel very sick. The water moccasin closely misses you.
The water moccasin bites you!
You are lethally poisoned!
The water moccasin poisons you!
You hit the water moccasin.
The water moccasin is moderately wounded.
You feel very sick. The water moccasin bites you.
* * * LOW HITPOINT WARNING * * *
You are more poisoned.
The water moccasin poisons you!
Casting: Shock (safe; 7% risk of failure)
Confirm with . or Enter, or press ? or * to list all spells.
Aiming: Shock (safe; 7% risk of failure)
Press: ? - help, Shift-Dir - straight line, f - water moccasin
Aim: a water moccasin (moderately wounded, 48% to hit)
The zap hits the water moccasin.
The water moccasin is heavily wounded.
* * * LOW HITPOINT WARNING * * *
You feel very sick. The water moccasin closely misses you.
Casting: Shock (safe; 7% risk of failure)
Confirm with . or Enter, or press ? or * to list all spells.
Aiming: Shock (safe; 7% risk of failure)
Press: ? - help, Shift-Dir - straight line, f/p - water moccasin
Aim: a water moccasin (heavily wounded, 48% to hit)
The zap hits the water moccasin.
The water moccasin is heavily wounded.
You die...

## .# .# # ##.
#. ...
####.##.#
........#
#..S@# ###
#######.# #. ..
#.......#
.###.##.#######
.....#.#
#..#.#.# ##
#..#.#.# ..
#..#...#
.####....#)#


You could see a water moccasin.

Vanquished Creatures
  Terence (D:2)
  3 adders
  2 worms
  9 endoplasms
  3 giant cockroaches
  3 goblins
  2 hobgoblins (D:2)
  4 jackals (D:3)
  3 kobolds
  2 quokkas
  3 ball pythons (D:3)
  2 bats
  3 frilled lizards
  A jackal zombie (D:3)
  4 rats (D:2)
45 creatures vanquished.

Notes
Turn   | Place    | Note
-------+----------+-------------------------------------------
     0 | D:1      | daftaero the Draconian Air Elementalist began the quest for
                  | the Orb.
     0 | D:1      | Reached XP level 1. HP: 14/14 MP: 3/3
    27 | D:1      | Found Syarph's Magic Scroll Emporium.
   840 | D:1      | Reached XP level 2. HP: 20/20 MP: 1/5
  1381 | D:1      | Learned a level 2 spell: Static Discharge
  1503 | D:2      | Found a faded altar of an unknown god.
  2021 | D:2      | Reached XP level 3. HP: 27/27 MP: 4/6
  2041 | D:2      | Found Huluesu's Armour Boutique.
  2305 | D:2      | Reached skill level 1 in Fighting
  2384 | D:2      | Found an ancient bone altar of Kikubaaqudgha.
  2698 | D:3      | Noticed Terence
  3059 | D:3      | Noticed an ice beast
  3060 | D:3      | Reached XP level 4. HP: 35/35 MP: 4/7
  3094 | D:2      | Learned a level 2 spell: Poisonous Vapours
  3259 | D:2      | Killed Terence
  3260 | D:2      | Reached skill level 4 in Air Magic
  3943 | D:3      | Noticed a water moccasin
  3955 | D:3      | Succumbed to a water moccasin's poison

Illustrated notes

Levels and vault maps discovered:
D:1:      lemuel_arrival_rhombus, layout_loops_corners, serial_shops, shop
D:2:      layout_basic, ebering_ecumenical_altar_rust, basic_altar,
          serial_shops, shop
D:3:      layout_basic, minmay_fractal_squares_gapless_5, uniq_terence

Skill      XL: |  1  2  3  4 |
---------------+-------------+-----
Fighting       | 1 |  1.6
Dodging        | 2 |  2.3
Air Magic      | 4 |  4.0
Maces & Flails | |  0.3
Stealth        | |  1.9
Spellcasting   | |  2.6
Conjurations   | |  1.3

Action                   |  1- 3 |  4- 6 || total
-------------------------+-------+-------++-------
Melee: Unarmed           |    10 |       ||    10
       Tailslap          |     6 |     4 ||    10
       Whip              |    44 |    22 ||    66
 Cast: Shock             |    59 |    22 ||    81
       Static Discharge  |     5 |     3 ||     8
       Poisonous Vapours |       |     3 ||     3
  Use: Scroll            |     1 |       ||     1
 Stab: Sleeping          |     1 |       ||     1
Armor: Skin              |    20 |    14 ||    34
Dodge: Dodged            |    56 |    20 ||    76

Table legend: (Time is in decaauts)
 A = Elapsed time spent in this place.
 B = Non-inter-level travel time spent in this place.
 C = Inter-level travel time spent in this place.
 D = Time resting spent in this place.
 E = Time spent auto-exploring this place.
 F = Levels seen in this place.
 G = Mean time per level.
                   A        B        C        D        E       F      G
               +--------+--------+--------+--------+--------+-----+--------+
         Total |   3969 |   3894 |     75 |    857 |   1966 |   3 | 1323.0 |
       Dungeon |   3969 |   3894 |     75 |    857 |   1966 |   3 | 1323.0 |
               +--------+--------+--------+--------+--------+-----+--------+

Top non-repeatable levels by time:
     D:1: 1653 daAuts
     D:2: 1504 daAuts
     D:3: 811 daAuts
